 Dungeon Crawl Stone Soup version 0.28-a0-802-g09f76e8c00 (webtiles) character file.

Game seed: 9543575845921460191

1297 kae the Summoner (level 8, 0/48 HPs)
             Began as a Tengu Summoner on Nov 6, 2021.
             Was an Initiate of Ashenzari.
             Slain by a water moccasin (8 damage)
             ... on level 6 of the Dungeon.
             The game lasted 00:05:53 (9299 turns).

kae the Summoner (Tengu Summoner)                   Turns: 9299, Time: 00:05:53

Health: 0/48       AC:  4    Str:  8    XL:     8   Next: 56%
Magic:  8/15       EV: 16    Int: 18    God:    Ashenzari [......]
Gold:   1245       SH:  0    Dex: 15    Spells: 6/15 levels left

rFire   . . .      SeeInvis .   d - +2 whip (venom)
rCold   + . .      Faith    .   (no shield)
rNeg    . . .      Spirit   .   c - +1 leather armour {rC+}
rPois   .          Reflect  .   (helmet restricted)
rElec   .          Harm     .   (no cloak)
rCorr   .          Rampage  .   (no gloves)
Will    .....                   (boots unavailable)
Stlth   ++........              (no amulet)
HPRegen 0.16/turn               (no ring)
MPRegen 0.14/turn               (no ring)

@: lethally poisoned (0 -> -15), flying quickly and evasively, quick
A: beak, talons 3, nimble flight
a: Renounce Religion


You were on level 6 of the Dungeon.
You worshipped Ashenzari.
Ashenzari was noncommittal.
You visited 2 branches of the dungeon, and saw 7 of its levels.

You collected 1245 gold pieces.

Inventory:

Hand Weapons
 b - a +0 dagger
 d - a +2 whip of venom (weapon)
Armour
 a - a +1 robe
 c - a +1 leather armour of cold resistance (worn)
Wands
 j - a wand of acid (20)
Scrolls
 e - 2 scrolls of noise
 f - a scroll of teleportation
 l - 2 scrolls of amnesia
Potions
 g - a potion of might
 h - a potion of invisibility {unknown}
 i - a potion of cancellation {unknown}
 k - 2 potions of curing


   Skills:
 + Level 4.0 Fighting
 + Level 1.0 Armour
 + Level 5.2 Dodging
 - Level 2.0 Stealth
 + Level 4.4 Spellcasting
 - Level 1.0 Hexes
 * Level 9.0 Summonings


You had 6 spell levels left.
You knew the following spells:

 Your Spells              Type           Power      Damage    Failure   Level
a - Summon Small Mammal   Summ           100%       N/A       1%          1
b - Call Imp              Summ           36%        N/A       1%          2
c - Call Canine Familiar  Summ           36%        N/A       1%          3
d - Summon Guardian Gole  Hex/Summ       22%        N/A       8%          3

Your spell library contained the following spells:

 Spells                   Type           Power      Damage    Failure   Level
 Shock                    Conj/Air       12%        1d3       21%         1
 Summon Lightning Spire   Summ/Air       20%        N/A       30%         4
 Tukima's Dance           Hex            7%         N/A       36%         3
 Gell's Gravitas          Tloc           3%         N/A       52%         3
 Lesser Beckoning         Tloc           3%         N/A       52%         3
 Swiftness                Air            3%         N/A       52%         3
 Teleport Other           Tloc           3%         N/A       52%         3
 Fulminant Prism          Conj/Hex       2%         3d6       85%         4
 Airstrike                Air            1%         N/A       89%         4
 Olgreb's Toxic Radiance  Pois           3%         N/A       89%         4
 Passage of Golubria      Tloc           3%         N/A       89%         4
 Freezing Cloud           Conj/Ice/Air   1%         6-21      99%         5
 Yara's Violent Unravell  Hex/Tmut       2%         3d3       99%         5


Dungeon Overview and Level Annotations

Branches:
Dungeon (6/15)             Temple (1/1) D:6

Altars:
Ashenzari
Cheibriados
Elyvilon
Gozag
Hepliaklqana
Kikubaaqudgha
Makhleb
Nemelex Xobeh
Okawaru
Qazlal
Ru
Sif Muna
Trog
Uskayaw
Vehumet
Wu Jian
Xom
Yredelemnul
Zin
The Shining One

Shops:
D:4 (


Innate Abilities, Weirdness & Mutations

You have a beak for a mouth.
You have claws for feet.
Your magical nature lets you fly swiftly and evasively.


Message History

The water moccasin bites you.
Your hound barely misses the water moccasin.
The water moccasin misses you.
Your hound bites the water moccasin.
Casting: Call Imp (safe; 1% risk of failure)
Confirm with . or Enter, or press ? or * to list all spells.
A guardian golem appears, shielding your allies.
Your hound bites the water moccasin.
The water moccasin bites you!
You are poisoned.
The water moccasin poisons you!
Your hound bites the water moccasin.
Your crimson imp hits the water moccasin.
The water moccasin closely misses you.
You feel very sick.
Your hound barely misses the water moccasin.
The water moccasin bites you.
You are lethally poisoned!
The water moccasin poisons you!
Your crimson imp closely misses the water moccasin.
You are too injured to fight recklessly!
You are too injured to fight recklessly!
You miss the water moccasin.
You claw the water moccasin, but do no damage.
The water moccasin is heavily wounded.
You feel extremely sick.
Your hound bites the water moccasin.
The water moccasin barely misses you.
Your hound barely misses the water moccasin.
Your crimson imp closely misses the water moccasin.
You hit the water moccasin.
The water moccasin is poisoned.
The water moccasin is severely wounded.
You feel very sick. The water moccasin bites you.
* * * LOW HITPOINT WARNING * * *
Your hound bites the water moccasin.
The water moccasin bites your hound!
Your crimson imp misses the water moccasin.
You miss the water moccasin.
The water moccasin is severely wounded.
* * * LOW HITPOINT WARNING * * *
You feel very sick.
Your hound barely misses the water moccasin.
The water moccasin bites you!
You die...

##### ####...#
###..#...##
####..#.#.5h.##
######.###.....@S..#
##..##...##.....9.#....#
#...##...###..#.##.....#
....#...## #....##......
)...#..## #..........#
.......#####..........#
.........##...........#
....................###
.................#..


You could see a water moccasin (very poisoned, ally target), a friendly guardian
golem (summoned), a friendly hound (summoned, sheltered) and a friendly crimson
imp (summoned, sheltered).

Vanquished Creatures
  Grinder (D:4)
  A necrophage (D:2)
  A black bear (D:5)
  A scorpion (D:4)
  A water moccasin skeleton (D:4)
  A jelly (D:5)
  An iguana (D:4)
  An orc wizard (D:3)
  A hound skeleton (D:5)
  A howler monkey zombie (D:5)
  8 gnolls
  3 adders
  A worm (D:3)
  A dart slug (D:1)
  15 orcs
  3 ball pythons (D:1)
  3 endoplasms
  A giant cockroach (D:1)
  12 goblins
  12 hobgoblins
  4 jackals (D:2)
  12 kobolds
  2 quokkas
  2 bats
  3 frilled lizards
  3 rats (D:2)
95 creatures vanquished.

Vanquished Creatures (collateral kills)
  An ice beast (D:6)
  A wyvern zombie (D:6)
  A gnoll sergeant (D:5)
  3 orc priests
  2 iguanas
  A hound skeleton (D:5)
  4 adders
  6 gnolls
  A shadow imp (D:5)
  11 orcs
  3 ball pythons
  2 endoplasms
  A hobgoblin (D:5)
  2 bats (D:2)
  2 frilled lizards
  4 kobolds
  A rat (D:3)
46 creatures vanquished.

Grand Total: 141 creatures vanquished

Notes
Turn   | Place    | Note
-------+----------+-------------------------------------------
     0 | D:1      | kae the Tengu Summoner began the quest for the Orb.
     0 | D:1      | Reached XP level 1. HP: 10/10 MP: 4/4
   142 | D:1      | Reached skill level 5 in Summonings
   147 | D:1      | Reached XP level 2. HP: 11/16 MP: 4/6
   150 | D:1      | Learned a level 2 spell: Call Imp
  1004 | D:1      | Reached XP level 3. HP: 14/20 MP: 4/7
  1008 | D:1      | Learned a level 3 spell: Call Canine Familiar
  1464 | D:1      | Reached skill level 1 in Fighting
  2646 | D:2      | Reached XP level 4. HP: 22/25 MP: 8/8
  2756 | D:2      | Noticed a necrophage
  2787 | D:2      | Killed a necrophage
  2788 | D:2      | Reached skill level 6 in Summonings
  2788 | D:2      | Gained mutation: Your magical nature lets you fly swiftly
                  | and evasively. [Tengu growth]
  2788 | D:2      | Reached XP level 5. HP: 12/30 MP: 6/10
  2792 | D:2      | Learned a level 3 spell: Summon Guardian Golem
  3211 | D:2      | Identified a scroll of acquirement
  3211 | D:2      | Acquired 965 gold pieces
  3524 | D:3      | Reached XP level 6. HP: 14/35 MP: 5/11
  4098 | D:3      | Reached skill level 1 in Hexes
  4612 | D:3      | Found a faded altar of an unknown god.
  4924 | D:4      | Found Loday's Antique Weapon Emporium.
  4953 | D:4      | Noticed Grinder
  4959 | D:4      | Paralysed by Grinder for 5 turns
  4991 | D:4      | Killed Grinder
  4992 | D:4      | Reached skill level 7 in Summonings
  4992 | D:4      | Reached XP level 7. HP: 40/40 MP: 3/13
  5812 | D:4      | Found a glowing silver altar of Zin.
  5920 | D:5      | Entered Level 5 of the Dungeon
  6295 | D:5      | Reached skill level 8 in Summonings
  6887 | D:5      | Reached XP level 8. HP: 27/46 MP: 2/15
  8234 | D:5      | Reached skill level 5 in Dodging
  8482 | D:5      | Got the Incunabulum of Toxins and Conjuration
  8969 | D:6      | Found a staircase to the Ecumenical Temple.
  8985 | D:6      | Reached skill level 1 in Armour
  8985 | D:6      | Reached skill level 9 in Summonings
  9053 | D:6      | Found a sparkling altar of Nemelex Xobeh.
  9132 | Temple   | Entered the Ecumenical Temple
  9247 | Temple   | Became a worshipper of Ashenzari the Shackled
  9299 | D:6      | Slain by a water moccasin

Illustrated notes

Levels and vault maps discovered:
D:1:      minmay_arrival_four_loops, layout_basic,
          corexii_item_surrounded_by_moat, minmay_crystal_room
D:2:      layout_basic, minmay_hexomino_p4
D:3:      layout_basic, chequers_ecumenical_altar_grove
D:4:      layout_cave_pools, zin_statuary, serial_shops, nicolae_stop_n_shop_2,
          uniq_grinder
D:5:      corexii_shantytown, layout_gridville, lightli_minifort
D:6:      layout_cave_pools, kennysheep_little_box,
          minmay_temple_entry_proselytizer, serial_shops, shop
Temple:   regret_index_temple_mists

Skill      XL: |  1  2  3  4  5  6  7  8 |
---------------+-------------------------+-----
Summonings     | 5 6 7 8 9 |  9.0
Fighting       | 1 2 3 4 |  4.0
Dodging        | 3 4 5 |  5.2
Spellcasting   | 3 4 |  4.4
Hexes          | 1 |  1.0
Armour         | 1 |  1.0
Stealth        | |  2.0

Action                   |  1- 3 |  4- 6 |  7- 9 || total
-------------------------+-------+-------+-------++-------
Melee: Dagger            |    82 |    20 |       ||   102
       Unarmed           |     5 |       |       ||     5
       Kick              |    20 |    16 |    42 ||    78
       Peck              |    11 |     9 |    22 ||    42
       Whip              |       |    58 |   148 ||   206
 Cast: Summon Small Mamm |    13 |    10 |     5 ||    28
       Call Imp          |     6 |     6 |    14 ||    26
       Call Canine Famil |       |     7 |    24 ||    31
       Summon Guardian G |       |     1 |     4 ||     5
  Use: Scroll            |     4 |     4 |     3 ||    11
       Potion            |       |       |     3 ||     3
 Stab: Sleeping          |     2 |     3 |     4 ||     9
       Distracted        |     1 |     2 |     1 ||     4
Armor: Robe              |    15 |     1 |       ||    16
       Leather armour    |       |     9 |    24 ||    33
Dodge: Dodged            |    56 |    76 |   148 ||   280

Table legend: (Time is in decaauts)
 A = Elapsed time spent in this place.
 B = Non-inter-level travel time spent in this place.
 C = Inter-level travel time spent in this place.
 D = Time resting spent in this place.
 E = Time spent auto-exploring this place.
 F = Levels seen in this place.
 G = Mean time per level.
                   A        B        C        D        E       F      G
               +--------+--------+--------+--------+--------+-----+--------+
         Total |   9081 |   8918 |    163 |   1009 |   6740 |   7 | 1297.3 |
       Dungeon |   8962 |   8816 |    146 |   1009 |   6652 |   6 | 1493.7 |
        Temple |    118 |    102 |     16 |      0 |     88 |   1 |  118.0 |
               +--------+--------+--------+--------+--------+-----+--------+

Top non-repeatable levels by time:
     D:5: 2390 daAuts
     D:2: 1970 daAuts
     D:3: 1618 daAuts
     D:1: 1509 daAuts
     D:4: 986 daAuts
     D:6: 487 daAuts
  Temple: 118 daAuts
